 Dungeon Crawl Stone Soup version 0.29-a0-284-gf9362112df (webtiles) character file.

Game seed: 1797046241873738383

31 holysushi the Cutter (level 3, -1/28 HPs)
             Began as a Demonspawn Warper on Mar 19, 2022.
             Slain by a gnoll
             ... wielding a +0 halberd
              (12 damage)
             ... on level 2 of the Dungeon.
             The game lasted 00:02:28 (1835 turns).

holysushi the Cutter (Demonspawn Warper)            Turns: 1835, Time: 00:02:29

Health: -1/28      AC:  3    Str: 13    XL:     3   Next: 7%
Magic:  6/6        EV: 11    Int: 14    God:
Gold:   72         SH:  0    Dex: 12    Spells: 4/6 levels left

rFire   . . .      SeeInvis .   a - +0 short sword
rCold   + . .      Faith    .   (no shield)
rNeg    . . .      Spirit   .   b - +0 leather armour
rPois   .          Reflect  .   (no helmet)
rElec   .          Harm     .   (no cloak)
rCorr   .          Rampage  .   (no gloves)
Will    .....                   (no boots)
Stlth   +.........              (no amulet)
HPRegen 0.09/turn               e - ring of protection from cold
MPRegen 0.20/turn               (no ring)

@: no status effects
A: magic regeneration, demonic touch 1
a: no special abilities


You were on level 2 of the Dungeon.
You visited 1 branch of the dungeon, and saw 2 of its levels.

You collected 72 gold pieces.

Inventory:

Hand Weapons
 a - a +0 short sword (weapon)
Missiles
 d - 7 boomerangs of dispersal (quivered)
Armour
 b - a +0 leather armour (worn)
Jewellery
 e - a ring of protection from cold (left hand)
Scrolls
 c - 2 scrolls of blinking
 f - a scroll of torment {unknown}
 g - a scroll of noise {unknown}
 j - a scroll of magic mapping {unknown}
 k - a scroll of enchant weapon {unknown}
Potions
 h - 2 potions of might {unknown}
 i - a potion of curing {unknown}
 l - 2 potions of lignification {unknown}


   Skills:
 + Level 2.5 Fighting
 * Level 2.8 Short Blades
 - Level 0.8 Throwing
 - Level 0.8 Armour
 - Level 1.7 Dodging
 - Level 2.0 Spellcasting
 - Level 2.6 Translocations


You had 4 spell levels left.
You knew the following spells:

 Your Spells              Type           Power      Damage    Failure   Level
a - Blink                 Tloc           16%        N/A       16%         2

Your spell library contained the following spells:

 Spells                   Type           Power      Damage    Failure   Level
 Gell's Gravitas          Tloc           8%         N/A       30%         3
 Lesser Beckoning         Tloc           8%         N/A       30%         3
 Teleport Other           Tloc           8%         N/A       30%         3
 Manifold Assault         Tloc           8%         N/A       95%         5


Dungeon Overview and Level Annotations

Branches:
Dungeon (2/15)

Altars:


Innate Abilities, Weirdness & Mutations

You regenerate magic rapidly.
Your touch may inflict minor irresistible damage on your foes.


Message History

No target in view!
No target in view!
l - 2 glowing coppery potions
Things that are here:
a +0 whip; a kobold corpse You see here a frilled lizard corpse.
Things that are here:
a +0 whip; a kobold corpse You start resting.
HP restored.
An endoplasm comes into view.
c - 2 scrolls of blinking (gained 1)
There are no items here.
The endoplasm quivers.
The endoplasm freezes you.
You are frozen.
You resist.
You hit the endoplasm.
You kill the endoplasm!
No target in view!
No target in view!
Found a pair of gloves. 2 gnolls come into view.
The gnoll shouts! x2; You hear a shout!
There are monsters nearby!
There are monsters nearby!
A gnoll comes into view. It is wielding a +0 flail.
The gnoll shouts!
An endoplasm comes into view.
Things that are here:
a +0 whip; a kobold corpse The gnoll misses you.
The gnoll hits you with a +0 halberd!
You completely miss the gnoll. The gnoll closely misses you.
You hit the gnoll. Your touch misses the gnoll.
The gnoll is moderately wounded.
The gnoll hits you with a +0 halberd! The gnoll hits you but does no damage.
You barely miss the gnoll. Your touch misses the gnoll.
The gnoll is moderately wounded.
The gnoll hits you with a +0 halberd!
You die...

.......# #######
.......###.....#
...............#
##.............#
#.............# #.............#
#.............#
#.........)..#####
###......†..ggg@.#######
#.##.....#####.......#
#.###....... #.......#########
............##..†....'........
#............##.......#########
#............##.......#
#........######.>.....#
######### #########


You could see 3 gnolls.

Vanquished Creatures
  A dart slug (D:1)
  4 ball pythons (D:1)
  5 endoplasms
  2 giant cockroaches (D:1)
  4 hobgoblins
  2 kobolds
  A quokka (D:1)
  3 bats (D:1)
  2 frilled lizards
  A goblin (D:1)
  A rat (D:1)
26 creatures vanquished.

Notes
Turn   | Place    | Note
-------+----------+-------------------------------------------
     0 | D:1      | holysushi the Demonspawn Warper began the quest for the
                  | Orb.
     0 | D:1      | Reached XP level 1. HP: 16/16 MP: 3/3
   274 | D:1      | Gained mutation: You regenerate magic rapidly. [demonic
                  | ancestry]
   274 | D:1      | Reached XP level 2. HP: 21/22 MP: 5/5
   708 | D:1      | Found a faded altar of an unknown god.
  1671 | D:1      | Learned a level 2 spell: Blink
  1722 | D:2      | Gained mutation: Your touch may inflict minor irresistible
                  | damage on your foes. [demonic ancestry]
  1722 | D:2      | Reached XP level 3. HP: 25/28 MP: 6/6
  1835 | D:2      | Slain by a gnoll

Illustrated notes

Levels and vault maps discovered:
D:1:      matt_arrival_grand_opening, layout_loops_ring,
          hellmonk_ecumenical_altar_inner_sanctum, minmay_pentomino_t4
D:2:      layout_basic

Skill      XL: |  1 |
---------------+----+-----
Short Blades   | 2 |  2.8
Fighting       | |  2.5
Throwing       | |  0.8
Armour         | |  0.8
Dodging        | |  1.7
Spellcasting   | |  2.0
Translocations | |  2.6

Action                   || total
-------------------------++-------
Melee: Short sword       ||   113
Armor: Leather armour    ||    49
Dodge: Dodged            ||    73

Table legend: (Time is in decaauts)
 A = Elapsed time spent in this place.
 B = Non-inter-level travel time spent in this place.
 C = Inter-level travel time spent in this place.
 D = Time resting spent in this place.
 E = Time spent auto-exploring this place.
 F = Levels seen in this place.
 G = Mean time per level.
                   A        B        C        D        E       F      G
               +--------+--------+--------+--------+--------+-----+--------+
         Total |   1834 |   1772 |     62 |    838 |    599 |   2 |  917.0 |
       Dungeon |   1834 |   1772 |     62 |    838 |    599 |   2 |  917.0 |
               +--------+--------+--------+--------+--------+-----+--------+

Top non-repeatable levels by time:
     D:1: 1626 daAuts
     D:2: 207 daAuts
